 Dungeon Crawl Stone Soup version 0.29.1-15-g9cfb28693d (webtiles) character file.

Game seed: 12467655708217816321

66 promet the Trooper (level 3, -4/31 HPs)
             Began as a Draconian Fighter on Feb 25, 2023.
             Killed from afar by Ijyb (17 damage)
             ... with an iceblast
             ... on level 3 of the Dungeon.
             The game lasted 00:08:57 (2257 turns).

promet the Trooper (Draconian Fighter)              Turns: 2257, Time: 00:08:57

Health: -4/31      AC:  5    Str: 18    XL:     3   Next: 96%
Magic:  3/3        EV: 12    Int: 10    God:
Gold:   81         SH:  5    Dex: 10    Spells: 0/2 levels left

rFire   . . .      SeeInvis .   a - +1 trident
rCold   . . .      Faith    .   f - +1 buckler
rNeg    . . .      Spirit   .   (body armour unavailable)
rPois   .          Reflect  .   (helmet restricted)
rElec   .          Harm     .   (no cloak)
rCorr   .          Rampage  .   (no gloves)
Will    .....                   (no boots)
Stlth   +.........              (no amulet)
HPRegen 0.10/turn               (no ring)
MPRegen 0.08/turn               (no ring)

@: no status effects
A: AC +5, unfitting armour, cold-blooded
a: no special abilities


You were on level 3 of the Dungeon.
You visited 1 branch of the dungeon, and saw 3 of its levels.

You collected 81 gold pieces.

Inventory:

Hand Weapons
 a - a +1 trident (weapon)
 b - a +0 sling
Missiles
 g - 12 poisoned darts (quivered)
 i - 27 stones
Armour
 f - a +1 buckler (worn)
Jewellery
 k - a ring of ice
Scrolls
 h - 3 scrolls of noise
 l - 3 scrolls of identify
Potions
 c - a potion of might
 d - a potion of haste
 e - a potion of curing {unknown}
 j - a potion of lignification {unknown}
 m - a potion of brilliance {unknown}


   Skills:
 + Level 3.5 Fighting
 + Level 2.5 Polearms
 + Level 3.1 Dodging
 + Level 0.3 Stealth
 + Level 3.5 Shields
 + Level 0.3 Spellcasting
 + Level 0.8 Transmutations
 + Level 0.3 Poison Magic


You couldn't memorise any spells.
You knew the following spells:

 Your Spells              Type           Power      Damage    Failure   Level
a - Sting                 Tmut/Pois      4%         1d3       36%         1
b - Shock                 Conj/Air       0%         1d3       45%         1

Your spell library contained the following spells:

 Spells                   Type           Power      Damage    Failure   Level
 Poisonous Vapours        Pois/Air       0%         N/A       56%         2
 Ignite Poison            Fire/Tmut/Pois 0%         N/A       77%         3
 Mephitic Cloud           Conj/Pois/Air  0%         N/A       80%         3
 Swiftness                Air            0%         N/A       83%         3
 Airstrike                Air            0%         2d(0-16)  99%         4
 Leda's Liquefaction      Hex/Erth       0%         N/A       99%         4
 Olgreb's Toxic Radiance  Pois           0%         N/A       99%         4
 Freezing Cloud           Conj/Ice/Air   0%         6-21      100%        5
 Lee's Rapid Deconstruct  Erth           0%         3d5*      100%        5
 Statue Form              Tmut/Erth      0%         N/A       100%        6


Dungeon Overview and Level Annotations

Branches:
Dungeon (3/15)

Altars:
Fedhas

Annotations:
D:3 Ijyb


Innate Abilities, Weirdness & Mutations

Your plain brown scales are hard. (AC +5)
You cannot fit into any form of body armour.
You are cold-blooded and may be slowed by cold attacks.


Message History

The giant cockroach is almost dead.
The giant cockroach bites you but does no damage.
The dart slug launches a dart at you. You block the slug dart.
You barely miss the giant cockroach.
Your tail-slap misses the giant cockroach.
The giant cockroach is almost dead.
The giant cockroach bites you. The giant cockroach barely misses you.
You barely miss the giant cockroach.
The giant cockroach is almost dead.
You block the giant cockroach's attack. The giant cockroach closely misses you.
Unknown command.
You hit the giant cockroach.
You kill the giant cockroach!
The dart slug launches a dart at you. The slug dart hits you.
There is a stone staircase leading up here.
Things that are here:
a +0 club; a goblin corpse The dart slug launches a dart at you.
The slug dart hits you but does no damage.
Found a blossoming altar of Fedhas.
Casting: Shock (safe; 45% risk of failure)
Confirm with . or Enter, or press ? or * to list all spells.
Okay, then.
Ijyb the Twisted Goblin comes into view.
She is wielding a +0 club and carrying a wand of iceblast (2).
Ijyb shouts!
Found a scroll of noise.
The dart slug launches a dart at you.
The slug dart hits you but does no damage.
Reach: a) +1 trident
Press: ? - help, Dir - move target, f - dart slug
Aim: a dart slug (about 7% to evade your +1 trident)
You reach to attack!
You hit the dart slug.
The dart slug is moderately wounded.
Ijyb zaps a wand.
The mass of ice explodes!
The iceblast engulfs you!
The dart slug briefly extends its eye-stalks.
Ijyb zaps a wand.
The mass of ice explodes!
The iceblast engulfs you!
Ouch! That really hurt!
You die...

.. ..≈.....§..
#.##.≈.≈≈≈≈§.≈
##....≈wg.$...≈
#.....≈≈≈≈≈≈≈≈≈ #
##...........
#.#.#.#..#..###
####.#.#.#.......#
#......#.#........
#.##.....#@....)..
.(......<).......[
#....#.####.......
### #. ....... ..
#...... .## .#####
#. .# # .#


You could see Ijyb and a dart slug.

Vanquished Creatures
  An adder (D:1)
  A worm (D:1)
  2 dart slugs (D:2)
  6 ball pythons
  8 endoplasms
  3 giant cockroaches
  6 goblins
  3 hobgoblins
  3 quokkas (D:1)
  2 bats (D:1)
  4 kobolds
  7 rats
46 creatures vanquished.

Notes
Turn   | Place    | Note
-------+----------+-------------------------------------------
     0 | D:1      | promet the Draconian Fighter began the quest for the Orb.
     0 | D:1      | Reached XP level 1. HP: 19/19 MP: 1/1
    70 | D:1      | Found a faded altar of an unknown god.
   234 | D:1      | Reached XP level 2. HP: 26/26 MP: 2/2
   580 | D:1      | Learned a level 1 spell: Sting
  1165 | D:1      | Reached XP level 3. HP: 24/31 MP: 0/3
  1592 | D:1      | Learned a level 1 spell: Shock
  2250 | D:3      | Found a blossoming altar of Fedhas.
  2251 | D:3      | Noticed Ijyb
  2257 | D:3      | Killed from afar by Ijyb

Illustrated notes

Levels and vault maps discovered:
D:1:      minmay_arrival_diagonal_passages, layout_loops_cross,
          shapermc_ecumenical_altar_pompeii, minivault_11,
          nicolae_figureground_pulse
D:2:      layout_rooms
D:3:      layout_basic, mainiacjoe_overflow_concentric_impassable,
          ashenzari_altar_1, slow_altar_1, kennysheep_generic_room_14, uniq_ijyb

Skill      XL: |  1  2 |
---------------+-------+-----
Dodging        | 3 |  3.1
Fighting       | |  3.5
Polearms       | |  2.5
Stealth        | |  0.3
Shields        | |  3.5
Spellcasting   | |  0.3
Transmutations | |  0.8
Poison Magic   | |  0.3

Action                   || total
-------------------------++-------
Melee: Trident           ||   109
       Tailslap          ||     8
 Fire: Sling             ||     3
 Cast: Sting             ||     9
       Shock             ||     1
  Use: Scroll            ||     7
 Stab: Sleeping          ||     3
Armor: Skin              ||    21
Dodge: Dodged            ||    69
Block: Buckler           ||    25
